 Dungeon Sprint DCSS version 0.23-a0-805-gc1268f8 (webtiles) character file.

13818 Lanoc the Blocker (level 12, -3/103 HPs)
             Began as a Gnoll Fighter on Jan 20, 2019.
             Was the Champion of Makhleb.
             Killed from afar by an ogre mage (16 damage)
             ... with a bolt of cold
             ... in the Dungeon (Sprint IX: "|||||||||||||||||||||||||||||").
             The game lasted 00:09:03 (2125 turns).

Lanoc the Blocker (Gnoll Fighter)                   Turns: 2125, Time: 00:09:05

Health: -3/103     AC: 25    Str: 22    XL:     12   Next: 10%
Magic:  27/27      EV: 14    Int: 12    God:    Makhleb [******]
Gold:   1609       SH: 13    Dex: 15    Spells: 33/33 levels left

rFire    + . .     SeeInvis .   u - +2 scimitar (holy)
rCold    . . .     Gourm    .   c - +0 shield
rNeg     . . .     Faith    .   y - +2 plate armour {rF+}
rPois    .         Spirit   .   a - +0 helmet
rElec    .         Reflect  .   E - +0 cloak
rCorr    .         Harm     .   C - +0 pair of gloves
MR       .....     NoTele   +   D - +0 pair of boots
Stlth    ..........             (no amulet)
HPRegen  0.27/turn              b - +2 ring of evasion
MPRegen  0.20/turn              t - +2 ring of protection

@: slowed, very slow
A: distributed training, fangs 1, screaming 1, strong nose
a: Minor Destruction, Lesser Servant of Makhleb, Major Destruction, Greater
Servant of Makhleb, Renounce Religion


You were in the Dungeon.
You worshipped Makhleb.
Makhleb was exalted by your worship.
You were very hungry.

You visited 1 branch You collected 1609 gold pieces.

Inventory:

Hand Weapons
 s - a +4 quarterstaff of speed
 u - a +2 scimitar of holy wrath (weapon)
 v - a +3 war axe of freezing
Missiles
 B - 39 bolts
Armour
 a - a +0 helmet (worn)
 c - a +0 shield (worn)
 y - a +2 plate armour of fire resistance (worn)
 C - a +0 pair of gloves (worn)
 D - a +0 pair of boots (worn)
 E - a +0 cloak (worn)
Magical Staves
 p - an uncursed staff of energy
Jewellery
 b - a +2 ring of evasion (left hand)
 t - a +2 ring of protection (right hand)
Wands
 o - a wand of acid (10)
Scrolls
 k - 3 scrolls of blinking
 m - 5 scrolls of remove curse
 n - 2 scrolls of amnesia
 r - 2 scrolls of enchant weapon
 z - a scroll of identify
Potions
 h - 2 potions of haste
 i - 4 potions of magic
 l - a potion of invisibility
 w - a potion of brilliance
Comestibles
 f - 11 rations


   Skills:
 + Level 12.5 Fighting
 + Level 11.0 Short Blades
 + Level 11.8 Long Blades
 + Level 11.0 Axes
 + Level 11.0 Maces & Flails
 + Level 11.0 Polearms
 + Level 11.0 Staves
 + Level 11.0 Slings
 + Level 11.0 Bows
 + Level 11.0 Crossbows
 + Level 11.0 Throwing
 + Level 12.5 Armour
 + Level 11.0 Dodging
 + Level 11.0 Stealth
 + Level 12.5 Shields
 + Level 11.0 Unarmed Combat
 + Level 11.0 Spellcasting
 + Level 9.3 Conjurations
 + Level 9.3 Hexes
 + Level 9.3 Charms
 + Level 9.3 Summonings
 + Level 9.3 Necromancy
 + Level 9.3 Translocations
 + Level 9.3 Transmutations
 + Level 9.3 Fire Magic
 + Level 9.3 Ice Magic
 + Level 9.3 Air Magic
 + Level 9.3 Earth Magic
 + Level 9.3 Poison Magic
 + Level 11.8 Invocations
 + Level 11.0 Evocations


You had 33 spell levels left.
You didn't know any spells.
Your spell library was empty.

Dungeon Overview and Level Annotations

Branches:
Dungeon (1/1)

Altars:
Cheibriados
Dithmenos
Elyvilon
Fedhas
Gozag
Hepliaklqana
Kikubaaqudgha
Makhleb
Nemelex Xobeh
Okawaru
Qazlal
Ru
Sif Muna
Trog
Uskayaw
Vehumet
Wu Jian
Xom
Yredelemnul
Zin
The Shining One
Beogh
Jiyva
Lugonu

Shops:
D (([!


Innate Abilities, Weirdness & Mutations

Your experience applies equally to all skills.
You have very sharp teeth.
Your uncanny sense of smell can sniff out nearby items.
You occasionally shout uncontrollably at your foes.


Message History

The ogre mage hits you from afar with a +0 spear.
* * * LOW HITPOINT WARNING * * *
There is an entrance to Offo's Armour Shop here.
You completely miss the ogre mage.
The deep troll shouts!
The ogre mage gestures at the ogre mage while chanting.
The ogre mage seems to speed up.
The ogre mage closely misses you.
You hit the ogre mage.
The ogre mage is lightly wounded.
You block the ogre mage's attack.
The ogre mage hits you but does no damage.
You block the ogre mage's attack.
You slash the ogre mage!
The ogre mage is moderately wounded.
You block the ogre mage's attack. The ogre mage hits you with a +0 spear.
* * * LOW HITPOINT WARNING * * *
You block the ogre mage's attack.
The ogre mage points at you and mumbles some strange words.
The bolt of cold hits you!
You die...

∆∆∆∆ ∆∆∆∆
▓▓▓▓▓▓▓▓▓▓▓▓▓▓▓▓▓▓▓▓▓▓▓▓
∆∆..TTOOO@.∩....))........
▓▓▓▓▓▓▓▓▓▓▓▓▓▓▓▓▓▓▓▓▓▓▓▓▓▓▓▓▓▓▓▓▓
.................................
▓▓▓▓▓▓▓▓▓▓▓▓▓▓▓▓▓▓▓▓▓▓▓▓▓▓▓▓▓▓▓▓▓
.'.[[.....'().....÷..††'.........
▓▓▓▓▓▓▓▓▓▓▓▓▓▓▓▓▓▓▓▓▓▓▓▓▓▓▓▓▓▓▓▓▓
.................................
▓▓▓▓▓▓▓▓▓▓▓▓▓▓▓▓▓▓▓▓▓▓▓▓▓▓▓▓▓▓▓▓▓
......)......).)[..)...÷_________


You could see 3 ogre magi, a deep troll and a troll.

Vanquished Creatures
  4 ogre magi (D)
  An orc high priest (D)
  4 orc knights (D)
  6 lindwurms (D)
  An orc sorcerer (D)
  A black mamba (D)
  3 spiny frogs (D)
  A komodo dragon (D)
  2 trolls (D)
  3 hippogriffs (D)
  2 yaks (D)
  Eustachio (D)
  A steam dragon (D)
  3 water moccasins (D)
  4 porcupines (D)
  A phantom (D)
  8 orc warriors (D)
  An ogre (D)
  2 crocodiles (D)
  A big kobold (D)
  A gnoll sergeant (D)
  2 bullfrogs (D)
  A crimson imp (D)
  2 hounds (D)
  2 orc priests (D)
  3 orc wizards (D)
  An iguana (D)
  A worker ant (D)
  An adder (D)
  2 worms (D)
  A leopard gecko (D)
  6 orcs (D)
  A bat skeleton (D)
  2 hobgoblins (D)
  A quokka (D)
  2 bats (D)
  A frilled lizard (D)
80 creatures vanquished.

Vanquished Creatures (collateral kills)
  An ettin (D)
  An ogre mage (D)
2 creatures vanquished.

Grand Total: 82 creatures vanquished

Notes
Turn   | Place    | Note
-------+----------+-------------------------------------------
     0 | D        | Lanoc the Gnoll Fighter began the quest for the Orb.
     0 | D        | Reached XP level 1. HP: 23/23 MP: 1/1
    11 | D        | Reached skill level 1 in Invocations
    24 | D        | Noticed a worker ant
    24 | D        | Noticed a phantom
    27 | D        | Reached skill level 1 in Short Blades
    27 | D        | Reached skill level 1 in Axes
    27 | D        | Reached skill level 1 in Maces & Flails
    27 | D        | Reached skill level 1 in Polearms
    27 | D        | Reached skill level 1 in Staves
    27 | D        | Reached skill level 1 in Slings
    27 | D        | Reached skill level 1 in Bows
    27 | D        | Reached skill level 1 in Crossbows
    27 | D        | Reached skill level 1 in Throwing
    27 | D        | Reached skill level 1 in Dodging
    27 | D        | Reached skill level 1 in Stealth
    27 | D        | Reached skill level 1 in Unarmed Combat
    27 | D        | Reached skill level 1 in Spellcasting
    27 | D        | Reached skill level 1 in Evocations
    28 | D        | Reached XP level 2. HP: 29/29 MP: 3/3
    38 | D        | Reached skill level 1 in Conjurations
    38 | D        | Reached skill level 1 in Hexes
    38 | D        | Reached skill level 1 in Charms
    38 | D        | Reached skill level 1 in Summonings
    38 | D        | Reached skill level 1 in Necromancy
    38 | D        | Reached skill level 1 in Translocations
    38 | D        | Reached skill level 1 in Transmutations
    38 | D        | Reached skill level 1 in Fire Magic
    38 | D        | Reached skill level 1 in Ice Magic
    38 | D        | Reached skill level 1 in Air Magic
    38 | D        | Reached skill level 1 in Earth Magic
    38 | D        | Reached skill level 1 in Poison Magic
    38 | D        | Reached XP level 3. HP: 24/35 MP: 3/5
    68 | D        | Killed a phantom
    68 | D        | Reached skill level 5 in Long Blades
    68 | D        | Reached XP level 4. HP: 7/43 MP: 5/8
    68 | D        | Reached XP level 5. HP: 8/48 MP: 5/9
    78 | D        | Found a roughly hewn altar of Beogh.
    78 | D        | Found a snail-covered altar of Cheibriados.
    78 | D        | Found a shadowy altar of Dithmenos.
    78 | D        | Found a white marble altar of Elyvilon.
    78 | D        | Found a blossoming altar of Fedhas.
    78 | D        | Found an opulent altar of Gozag.
    79 | D        | Found a hazy altar of Hepliaklqana.
    80 | D        | Found a viscous altar of Jiyva.
    81 | D        | Found an ancient bone altar of Kikubaaqudgha.
    82 | D        | Found a corrupted altar of Lugonu.
    83 | D        | Found a burning altar of Makhleb.
    84 | D        | Found a sparkling altar of Nemelex Xobeh.
    85 | D        | Found an iron altar of Okawaru.
    86 | D        | Found a stormy altar of Qazlal.
    87 | D        | Found a sacrificial altar of Ru.
    88 | D        | Found a deep blue altar of Sif Muna.
    89 | D        | Found a bloodstained altar of Trog.
    90 | D        | Found a hide-covered altar of Uskayaw.
    91 | D        | Became a worshipper of Makhleb the Destroyer
    92 | D        | Found a radiant altar of Vehumet.
    93 | D        | Found an ornate altar of the Wu Jian Council.
    94 | D        | Found a shimmering altar of Xom.
    95 | D        | Found a basalt altar of Yredelemnul.
    96 | D        | Found a glowing silver altar of Zin.
    97 | D        | Found a glowing golden altar of the Shining One.
   156 | D        | Noticed a hippogriff
   156 | D        | Noticed a yak
   156 | D        | Noticed an ogre
   161 | D        | Killed an ogre
   177 | D        | Reached * piety under Makhleb
   177 | D        | Reached XP level 6. HP: 13/56 MP: 10/12
   192 | D        | Killed a yak
   192 | D        | Reached skill level 5 in Short Blades
   192 | D        | Reached skill level 5 in Axes
   192 | D        | Reached skill level 5 in Maces & Flails
   192 | D        | Reached skill level 5 in Polearms
   192 | D        | Reached skill level 5 in Staves
   192 | D        | Reached skill level 5 in Slings
   192 | D        | Reached skill level 5 in Bows
   192 | D        | Reached skill level 5 in Crossbows
   192 | D        | Reached skill level 5 in Throwing
   192 | D        | Reached skill level 5 in Dodging
   192 | D        | Reached skill level 5 in Stealth
   192 | D        | Reached skill level 5 in Unarmed Combat
   192 | D        | Reached skill level 5 in Spellcasting
   192 | D        | Reached skill level 5 in Invocations
   192 | D        | Reached skill level 5 in Evocations
   192 | D        | Reached XP level 7. HP: 18/63 MP: 12/14
   202 | D        | Killed a hippogriff
   202 | D        | Reached ** piety under Makhleb
   505 | D        | Reached *** piety under Makhleb
   505 | D        | Reached XP level 8. HP: 64/70 MP: 16/16
   519 | D        | Reached skill level 5 in Conjurations
   519 | D        | Reached skill level 5 in Hexes
   519 | D        | Reached skill level 5 in Charms
   519 | D        | Reached skill level 5 in Summonings
   519 | D        | Reached skill level 5 in Necromancy
   519 | D        | Reached skill level 5 in Translocations
   519 | D        | Reached skill level 5 in Transmutations
   519 | D        | Reached skill level 5 in Fire Magic
   519 | D        | Reached skill level 5 in Ice Magic
   519 | D        | Reached skill level 5 in Air Magic
   519 | D        | Reached skill level 5 in Earth Magic
   519 | D        | Reached skill level 5 in Poison Magic
   656 | D        | Noticed a hippogriff
   656 | D        | Noticed a black mamba
   665 | D        | Noticed a komodo dragon
   667 | D        | Killed a black mamba
   667 | D        | Reached **** piety under Makhleb
   678 | D        | Killed a hippogriff
   681 | D        | Reached XP level 9. HP: 60/77 MP: 19/19
   686 | D        | Reached ***** piety under Makhleb
   693 | D        | Killed a komodo dragon
   702 | D        | Reached skill level 10 in Fighting
   702 | D        | Reached skill level 10 in Armour
   702 | D        | Reached skill level 10 in Shields
   858 | D        | Noticed a spiny frog
   858 | D        | Noticed a spiny frog
   866 | D        | Noticed a spiny frog
   870 | D        | Killed a spiny frog
   888 | D        | Killed a spiny frog
   897 | D        | Reached ****** piety under Makhleb
   897 | D        | Reached XP level 10. HP: 86/86 MP: 22/22
   909 | D        | Killed a spiny frog
   994 | D        | Noticed a lindwurm
   994 | D        | Noticed a lindwurm
   994 | D        | Noticed a lindwurm
   994 | D        | Noticed a lindwurm
  1005 | D        | Killed a lindwurm
  1008 | D        | Noticed a lindwurm
  1010 | D        | Noticed a lindwurm
  1014 | D        | Killed a lindwurm
  1022 | D        | Killed a lindwurm
  1022 | D        | Reached skill level 10 in Long Blades
  1028 | D        | Killed a lindwurm
  1041 | D        | Killed a lindwurm
  1041 | D        | Reached skill level 10 in Invocations
  1052 | D        | HP: 1/88 [lindwurm/blast of flame (14)]
  1057 | D        | Killed a lindwurm
  1327 | D        | Noticed Eustachio
  1345 | D        | Killed Eustachio
  1345 | D        | Reached XP level 11. HP: 93/93 MP: 24/24
  1366 | D        | Noticed an orc knight
  1368 | D        | Noticed an orc sorcerer
  1401 | D        | Killed an orc knight
  1403 | D        | Killed an orc sorcerer
  1780 | D        | Noticed an orc high priest
  1780 | D        | Noticed an orc knight
  1780 | D        | Noticed an orc knight
  1792 | D        | Killed an orc knight
  1807 | D        | Killed an orc knight
  1808 | D        | Noticed a cacodemon
  1815 | D        | Gained mutation: You occasionally shout uncontrollably at
                  | your foes. [a cacodemon]
  1830 | D        | Reached skill level 10 in Short Blades
  1830 | D        | Reached skill level 10 in Axes
  1830 | D        | Reached skill level 10 in Maces & Flails
  1830 | D        | Reached skill level 10 in Polearms
  1830 | D        | Reached skill level 10 in Staves
  1830 | D        | Reached skill level 10 in Slings
  1830 | D        | Reached skill level 10 in Bows
  1830 | D        | Reached skill level 10 in Crossbows
  1830 | D        | Reached skill level 10 in Throwing
  1830 | D        | Reached skill level 10 in Dodging
  1830 | D        | Reached skill level 10 in Stealth
  1830 | D        | Reached skill level 10 in Unarmed Combat
  1830 | D        | Reached skill level 10 in Spellcasting
  1830 | D        | Reached skill level 10 in Evocations
  1845 | D        | Noticed an orc knight
  1849 | D        | Killed an orc high priest
  1943 | D        | Killed an orc knight
  2022 | D        | Found Dimil's Distillery.
  2022 | D        | Noticed an ogre mage
  2022 | D        | Noticed an ogre mage
  2022 | D        | Noticed an ogre mage
  2022 | D        | Noticed an ogre mage
  2028 | D        | Killed an ogre mage
  2030 | D        | Noticed an ogre mage
  2038 | D        | Killed an ogre mage
  2063 | D        | Noticed an ettin
  2074 | D        | Killed an ogre mage
  2078 | D        | HP: 3/95 [ogre mage/bolt of lightning (29)]
  2083 | D        | Killed an ogre mage
  2087 | D        | Reached XP level 12. HP: 24/103 MP: 26/26
  2097 | D        | Killed an ogre mage
  2100 | D        | Killed an ettin
  2104 | D        | Found Offo's Armour Shop.
  2112 | D        | Found Noygo's Antique Weapon Boutique.
  2116 | D        | Found Geudghiyf's Weapon Shop.
  2118 | D        | Noticed an ogre mage
  2118 | D        | Noticed an ogre mage
  2119 | D        | Noticed an ogre mage
  2125 | D        | Killed from afar by an ogre mage

Vault maps used:
D:        linesprint

Skill      XL: |  1  2  3  4  5  6  7  8  9 10 11 12 |
---------------+-------------------------------------+-----
Invocations    | 1 2 3 4 5 6 7 9 10 11 | 11.8
Short Blades   | 1 3 4 5 7 8 9 10 11 | 11.0
Axes           | 1 3 4 5 7 8 9 10 11 | 11.0
Maces & Flails | 1 3 4 5 7 8 9 10 11 | 11.0
Polearms       | 1 3 4 5 7 8 9 10 11 | 11.0
Staves         | 1 3 4 5 7 8 9 10 11 | 11.0
Slings         | 1 3 4 5 7 8 9 10 11 | 11.0
Bows           | 1 3 4 5 7 8 9 10 11 | 11.0
Crossbows      | 1 3 4 5 7 8 9 10 11 | 11.0
Throwing       | 1 3 4 5 7 8 9 10 11 | 11.0
Dodging        | 1 3 4 5 7 8 9 10 11 | 11.0
Stealth        | 1 3 4 5 7 8 9 10 11 | 11.0
Unarmed Combat | 1 3 4 5 7 8 9 10 11 | 11.0
Spellcasting   | 1 3 4 5 7 8 9 10 11 | 11.0
Evocations     | 1 3 4 5 7 8 9 10 11 | 11.0
Conjurations   | 1 2 3 4 5 6 7 9 |  9.3
Hexes          | 1 2 3 4 5 6 7 9 |  9.3
Charms         | 1 2 3 4 5 6 7 9 |  9.3
Summonings     | 1 2 3 4 5 6 7 9 |  9.3
Necromancy     | 1 2 3 4 5 6 7 9 |  9.3
Translocations | 1 2 3 4 5 6 7 9 |  9.3
Transmutations | 1 2 3 4 5 6 7 9 |  9.3
Fire Magic     | 1 2 3 4 5 6 7 9 |  9.3
Ice Magic      | 1 2 3 4 5 6 7 9 |  9.3
Air Magic      | 1 2 3 4 5 6 7 9 |  9.3
Earth Magic    | 1 2 3 4 5 6 7 9 |  9.3
Poison Magic   | 1 2 3 4 5 6 7 9 |  9.3
Fighting       | 7 8 9 10 11 12 | 12.5
Long Blades    | 5 6 7 8 9 10 11 | 11.8
Armour         | 7 8 9 10 11 12 | 12.5
Shields        | 7 8 9 10 11 12 | 12.5

Action                   |  1- 3 |  4- 6 |  7- 9 | 10-12 || total
-------------------------+-------+-------+-------+-------++-------
Melee: Long sword        |    36 |       |       |       ||    36
       Bite              |     4 |     6 |    17 |    57 ||    84
       Scimitar          |       |    24 |   125 |   313 ||   462
Invok: Greater Servant o |       |       |       |     2 ||     2
       Major Destruction |       |       |       |     1 ||     1
  Use: Potion            |       |       |       |    13 ||    13
  Eat: Chunk             |       |       |       |     4 ||     4
Armor: Scale mail        |     7 |       |       |       ||     7
       Chain mail        |       |    11 |    19 |       ||    30
       Plate armour      |       |       |    28 |   125 ||   153
Dodge: Dodged            |     9 |     4 |    37 |   122 ||   172
Block: Shield            |    17 |    14 |    67 |   152 ||   250
       Rpst.: Long sword |     3 |       |       |       ||     3
       Scimitar          |       |     3 |    14 |    24 ||    41

Table legend:
 A = Non-vault XP
 B = Vault XP
 C = Vault XP percentage of total XP
 D = Non-vault monster count
 E = Vault monster count
 F = Vault count percentage of total count
                 A         B        C        D         E       F
            +---------+---------+-------+---------+---------+-------
      Total |       0 |   19740 | 100.0 |       0 |      82 | 100.0
            +---------+---------+-------+---------+---------+-------
          D |       0 |   19740 | 100.0 |       0 |      82 | 100.0
            +---------+---------+-------+---------+---------+-------
